 Dungeon Crawl Stone Soup version 0.21.1-1-g345015f (webtiles) character file.

3161 Fang the Cleaver (level 9, -1/57 HPs)
             Began as a Gargoyle Berserker on May 22, 2018.
             Was an Elder of Trog.
             Slain by an ice beast (8 damage)
             ... on level 8 of the Dungeon on May 23, 2018.
             The game lasted 00:12:48 (7073 turns).

Fang the Cleaver (Gargoyle Berserker)               Turns: 7073, Time: 00:12:49

Health: -1/57      AC: 13    Str: 27    XL:     9   Next: 94%
Magic:  0/9        EV: 14    Int:  9    God:    Trog [****..]
Gold:   261        SH:  0    Dex: 12    Spells: 8/8 levels left

rFire    + . .     SeeInvis .   a - +0 hand axe
rCold    . . .     Gourm    .   (no shield)
rNeg     + . .     Faith    .   q - +3 leather armour {rF+}
rPois    ∞         Spirit   +   (no helmet)
rElec    +         Reflect  .   e - scarf {Spirit}
rCorr    .         Harm     .   (no gloves)
MR       .....                  (no boots)
Stlth    ++........             d - amulet of guardian spirit
HPRegen  0.19/turn              l - +3 ring of dexterity
MPRegen  0.11/turn              y - +4 ring of strength

@: berserk cooldown, slowed, very slow
A: negative energy resistance 1, electricity resistance, unbreathing,
petrification resistance, rot immunity, AC +6
a: Berserk, Trog's Hand, Brothers in Arms, Burn Spellbooks, Renounce Religion


You were on level 8 of the Dungeon.
You worshipped Trog.
Trog was greatly pleased with you.
You were near starving.

You visited 1 branch of the dungeon, and saw 8 of its levels.

You collected 261 gold pieces.

Inventory:

Hand Weapons
 a - a +0 hand axe (weapon)
Armour
 e - a scarf of spirit shield (worn)
 q - a +3 leather armour of fire resistance (worn)
Jewellery
 d - an amulet of guardian spirit (around neck)
 l - a +3 ring of dexterity (left hand)
 m - a +3 amulet of reflection
 v - an uncursed ring of ice
 y - a +4 ring of strength (right hand)
Wands
 o - a wand of acid (12)
 p - a wand of polymorph (7)
 A - a wand of iceblast (22)
 C - a wand of flame (30)
Scrolls
 f - a scroll of fear
 k - a scroll of enchant armour
 s - a scroll of remove curse
Potions
 b - 2 potions of curing {unknown}
 g - 2 potions of flight
 h - 2 potions of invisibility
 i - 4 potions of berserk rage
 j - 3 potions of might
 n - 4 potions of brilliance {unknown}
 r - a potion of haste
 u - 4 potions of lignification
 w - a potion of mutation {unknown}
 D - a potion of cancellation {unknown}
Books
 x - a book of Misfortune

   Spells                             Type                      Level
   a - Confusing Touch                Hexes                        1
   b - Confuse                        Hexes                        3
   c - Gell's Gravitas                Translocation                3
   d - Petrify                        Transmutation/Earth          4
   e - Metabolic Englaciation         Hexes/Ice                    5
   f - Yara's Violent Unravelling     Hexes/Transmutation          5
   Trog disapproves of the use of such an item.
Comestibles
 c - 18 rations


   Skills:
 + Level 7.1 Fighting
 + Level 9.6 Axes
 + Level 4.6 Armour
 + Level 4.6 Dodging
 + Level 3.0 Stealth


You had 8 spell levels left.
You didn't know any spells.

Dungeon Overview and Level Annotations

Branches:
Dungeon (8/15)             Temple (0/1) D:5
   Lair: D:8-11

Altars:
Okawaru
Ru
Wu Jian
Yredelemnul


Innate Abilities, Weirdness & Mutations

You are resistant to torment.
Your stone body is resilient. (AC +6)
You are immune to poison.
You resist negative energy. (rN+)
You are resistant to electric shocks. (rElec)
You can survive without breathing.
You are immune to petrification.
You are immune to rotting.


Message History

The ice beast hits you but does no damage.
You barely miss the ice beast.
The ice beast is moderately wounded.
The ice beast barely misses you. The ice beast hits you.
The ice beast freezes you!
You hit the ice beast but do no damage.
The ice beast is moderately wounded.
The ice beast closely misses you.
You hit the ice beast but do no damage.
The ice beast is moderately wounded.
The ice beast closely misses you.
You barely miss the ice beast.
The ice beast is moderately wounded.
The ice beast hits you. The ice beast freezes you!
* * * LOW HITPOINT WARNING * * *
The ice beast barely misses you.
You hit the ice beast.
The ice beast is moderately wounded.
The ice beast hits you. The ice beast freezes you!
You die...

*,,***,***,***,,,,,,,*#,,........
,<,,,,,,,,,,,...#**,*##.##.*#....
*,,***,***,**#..# *,#......*#....
,,,,,,,,,*,,,...###,#.#.##.##...#
*,,,,,,,,,,,,,....,..............
,,,,_,,*,*,***#..#*,.............
,,,,,,,,,*,* #..####.#..#..#....
**,*****.*,* #†Y...........!....
*,*,,,,...####.@#**#.#.###...##.
*,*,***.........## #.#.###.#.##.
*,*,* *.#####....# #....>..#.##.
*,*** *....##.)..# #............
*,*****..........# #..........#.
*,,,,,,.(........# #.....#....#.
*******..........###.#.#.#.#..##
*..###.[.......#.#.#...... *.,*
#.#.........#.#.(....


You could see an ice beast.

Vanquished Creatures
  A two-headed ogre (D:8)
  The ghost of lansh the Basher, a novice MiFi (D:4)
  Grinder (D:6)
  A hippogriff (D:7)
  A spriggan (D:7)
  Eustachio (D:4)
  2 phantoms
  A sky beast (D:8)
  An ice beast (D:5)
  An ogre (D:5)
  A centaur (D:5)
  A bullfrog (D:7)
  A gnoll sergeant (D:6)
  2 scorpions
  A howler monkey (D:5)
  2 bullfrog zombies (D:5)
  3 jellies (D:7)
  6 orc wizards
  2 hounds
  Ijyb (D:3)
  4 worker ants
  A hound skeleton (D:6)
  6 gnolls
  4 adders
  A howler monkey skeleton (D:4)
  A shadow imp (D:5)
  2 oozes (D:1)
  An adder skeleton (D:4)
  3 worms
  2 dart slugs
  6 leopard geckos
  34 orcs
  8 bats
  3 giant cockroaches
  8 goblins
  8 hobgoblins
  7 quokkas
  3 ball pythons
  6 frilled lizards
  8 kobolds
  A leopard gecko skeleton (D:4)
  7 rats
155 creatures vanquished.

Notes
Turn   | Place    | Note
-------+----------+-------------------------------------------
     0 | D:1      | Fang the Gargoyle Berserker began the quest for the Orb.
     0 | D:1      | Reached XP level 1. HP: 14/14 MP: 1/1
   291 | D:1      | Reached XP level 2. HP: 16/19 MP: 2/2
   323 | D:1      | Reached skill level 3 in Axes
   732 | D:1      | Reached XP level 3. HP: 24/24 MP: 3/3
  1118 | D:2      | Found an iron altar of Okawaru.
  1124 | D:2      | Reached XP level 4. HP: 29/29 MP: 4/4
  1300 | D:2      | Reached ** piety under Trog
  1700 | D:3      | Reached skill level 4 in Axes
  1700 | D:3      | Reached XP level 5. HP: 15/33 MP: 3/5
  1903 | D:3      | Noticed Ijyb
  1915 | D:3      | Killed Ijyb
  2100 | D:3      | Found a sacrificial altar of Ru.
  2274 | D:3      | Reached *** piety under Trog
  2721 | D:4      | Noticed Eustachio
  2731 | D:4      | Killed Eustachio
  2731 | D:4      | Reached skill level 5 in Axes
  2731 | D:4      | Reached XP level 6. HP: 39/39 MP: 6/6
  2837 | D:4      | Noticed lansh's ghost (novice MiFi)
  2864 | D:4      | Killed lansh's ghost
  2864 | D:4      | Reached skill level 1 in Stealth
  2864 | D:4      | Reached XP level 7. HP: 33/44 MP: 4/7
  3064 | D:4      | Reached skill level 6 in Axes
  3067 | D:4      | Found a basalt altar of Yredelemnul.
  3320 | D:4      | Reached skill level 5 in Fighting
  3546 | D:5      | Entered Level 5 of the Dungeon
  3875 | D:5      | Reached XP level 8. HP: 45/49 MP: 5/8
  4215 | D:5      | Found a staircase to the Ecumenical Temple.
  4271 | D:5      | Reached skill level 7 in Axes
  5033 | D:6      | Noticed Grinder
  5071 | D:6      | Paralysed by Grinder for 4 turns
  5076 | D:6      | Paralysed by Grinder for 4 turns
  5369 | D:6      | Killed Grinder
  5459 | D:6      | Reached **** piety under Trog
  5498 | D:6      | Reached skill level 8 in Axes
  5958 | D:7      | Reached XP level 9. HP: 48/55 MP: 9/9
  6107 | D:7      | Found an ornate altar of the Wu Jian Council.
  6961 | D:8      | Reached skill level 9 in Axes
  7034 | D:8      | Noticed a two-headed ogre
  7051 | D:8      | Killed a two-headed ogre
  7057 | D:8      | HP: 1/57 [ice beast (9)]
  7073 | D:8      | Slain by an ice beast

Skill      XL: |  1  2  3  4  5  6  7  8  9 |
---------------+----------------------------+-----
Axes           | 3 4 5 6 8 9 |  9.6
Dodging        | 2 3 4 |  4.6
Fighting       | 4 5 7 |  7.1
Armour         | 3 4 |  4.6
Stealth        | 1 3 |  3.0

Action                   |  1- 3 |  4- 6 |  7- 9 || total
-------------------------+-------+-------+-------++-------
Melee: Hand axe          |   106 |   214 |   493 ||   813
Invok: Berserk           |     1 |     3 |     6 ||    10
       Burn Spellbooks   |       |       |     1 ||     1
  Use: Scroll            |       |     7 |     7 ||    14
       Potion            |       |       |     1 ||     1
 Stab: Sleeping          |       |       |     3 ||     3
  Eat: Chunk             |       |     9 |    16 ||    25
       Ration            |       |       |     1 ||     1
Armor: Animal skin       |    46 |    37 |       ||    83
       Leather armour    |       |    33 |   195 ||   228
       Skin              |       |     2 |       ||     2
Dodge: Dodged            |    82 |   123 |   281 ||   486
